 Dungeon Crawl Stone Soup version 0.30-b1-2-g02819fbbbe (webtiles) character file.

Game seed: 6317670617273477309

134 Dirian the Chopper (level 4, -1/41 HPs)
             Began as a Minotaur Berserker on May 13, 2023.
             Was a Believer of Trog.
             Slain by a cerulean imp
             ... wielding a +1 spear
             ... summoned by Natasha
              (2 damage)
             ... on level 2 of the Dungeon.
             The game lasted 00:02:06 (1844 turns).

Dirian the Chopper (Minotaur Berserker)             Turns: 1844, Time: 00:02:07

Health: -1/41      AC:  6    Str: 24    XL:     4   Next: 95%
Magic:  3/3        EV: 10    Int:  4    God:    Trog [**....]
Gold:   117        SH:  0    Dex:  9    Spells: 3/3 levels left

rFire   . . .        a - +0 hand axe
rCold   . . .        (no shield)
rNeg    . . .        d - +0 scale mail
rPois   .            (helmet restricted)
rElec   .            (no cloak)
rCorr   .            (no gloves)
SInv    .            (no boots)
Will    .....        (no amulet) Stlth
                     (no ring)
HPRegen 0.26/turn    (no ring)
MPRegen 0.08/turn

%: no passive effects
@: on berserk cooldown, slowed, very slow
A: horns 2, retaliatory headbutt
a: Renounce Religion, Berserk, Trog's Hand


You were on level 2 of the Dungeon.
You worshipped Trog.
Trog was pleased with you.
You visited 1 branch of the dungeon, and saw 2 of its levels.

You collected 117 gold pieces.

Inventory:

Hand Weapons
 a - a +0 hand axe (weapon)
Armour
 d - a +0 scale mail (worn)
 e - a +0 chain mail
Jewellery
 i - a ring of ice
 j - a +6 ring of strength
Scrolls
 b - a scroll of fog {unknown}
 c - 3 scrolls of identify {unknown}
 g - a scroll of enchant armour {unknown}
 h - a scroll of enchant weapon {unknown}
Potions
 f - 2 potions of heal wounds {unknown}


   Skills:
 + Level 4.8 Fighting
 + Level 5.5 Axes
 + Level 3.4 Armour
 - Level 2.1 Dodging


You had 3 spell levels left.
You didn't know any spells.
Your spell library was empty.

Dungeon Overview and Level Annotations

Branches:
Dungeon (2/15) Zot: 10138

Altars:

Annotations:
D:2 Natasha


Innate Abilities, Weirdness & Mutations

You have a pair of horns on your head.
You reflexively headbutt those who attack you in melee.


Message History

You completely miss Natasha. You headbutt Natasha.
Natasha is severely wounded.
Natasha mumbles some strange words.
Natasha claws you.
You miss Natasha.
Natasha is severely wounded.
You hit the cerulean imp.
Your skin stops crawling.
You feel less strong-willed. Natasha claws you but does no damage.
The cerulean imp barely misses you.
You closely miss Natasha. Your headbutt misses Natasha.
Natasha is severely wounded.
You barely miss the cerulean imp.
Natasha drinks a potion.
Natasha is healed!
The cerulean imp hits you but does no damage.
Natasha completely misses you. The cerulean imp barely misses you.
You closely miss Natasha. You completely miss the cerulean imp.
Natasha claws you!
* * * LOW HITPOINT WARNING * * *
The cerulean imp hits you but does no damage.
You miss Natasha. Your headbutt misses Natasha.
You barely miss the cerulean imp.
Natasha stares at you and mumbles some strange words.
The magic dart hits you but does no damage.
The cerulean imp closely misses you. You furiously retaliate!
You headbutt the cerulean imp. Natasha barely misses you.
The cerulean imp hits you with a +1 spear.
* * * LOW HITPOINT WARNING * * *
You closely miss Natasha. You barely miss the cerulean imp. Natasha misses you.
The cerulean imp hits you with a +1 spear.
* * * LOW HITPOINT WARNING * * *
You slash Natasha! Your headbutt misses Natasha.
Natasha is heavily wounded.
You completely miss the cerulean imp.
Natasha mumbles some strange words.
You feel troubled.
Natasha casts a spell.
The cerulean imp hits you but does no damage.
Natasha claws you.
* * * LOW HITPOINT WARNING * * *
The cerulean imp hits you with a +1 spear.
You die...

##...## #.....# #...## #
##†..#######.#### #....## #
####......# #.# #.....# #
..........# #.# #...#.## #
........).###.###########..#
#
.....)....##............##.#
#
...........'.).5........##.##
#
..........##...h5.......##..#
#
..........##....@.......###.#
# ..........##............#
#.# ##
############............#
#.####. #............#
#...... #............#
##..... #)...........# #.###.
#............# #.###.
#............# #....>
#............# ####..


You could see Natasha and 2 cerulean imps.

Vanquished Creatures
  Natasha (twice) (D:2)
  2 adders (D:2)
  3 dart slugs
  An orc (D:2)
  3 ball pythons
  4 bats
  3 endoplasms (D:1)
  3 giant cockroaches
  5 goblins
  4 hobgoblins
  7 jackals
  4 quokkas (D:1)
  2 frilled lizards (D:2)
  7 kobolds
  2 rats
52 creatures vanquished.

Notes
Turn   | Place    | Note
-------+----------+-------------------------------------------
     0 | D:1      | Dirian the Minotaur Berserker began the quest for the Orb.
     0 | D:1      | Reached XP level 1. HP: 19/19 MP: 0/0
   220 | D:1      | Reached skill level 4 in Axes
   220 | D:1      | Reached XP level 2. HP: 27/27 MP: 1/1
   558 | D:1      | Reached XP level 3. HP: 33/33 MP: 2/2
   610 | D:1      | Reached ** piety under Trog
   959 | D:2      | Noticed Natasha
   968 | D:2      | Killed Natasha
  1110 | D:2      | Reached XP level 4. HP: 37/41 MP: 3/3
  1240 | D:2      | Reached skill level 5 in Axes
  1316 | D:2      | Noticed Natasha
  1325 | D:2      | Killed Natasha
  1383 | D:2      | Found a faded altar of an unknown god.
  1823 | D:2      | Noticed Natasha
  1844 | D:2      | HP: 1/41 [Natasha (2)]
  1844 | D:2      | Slain by a cerulean imp

Illustrated notes

Levels and vault maps discovered:
D:1:      dpeg_arrival_rhombi, layout_basic
D:2:      layout_basic, hellmonk_ecumenical_altar_crossroads, uniq_natasha

Skill      XL: |  1  2  3  4 |
---------------+-------------+-----
Fighting       | 4 |  4.8
Axes           | 4 5 |  5.5
Armour         | 3 |  3.4
Dodging        | |  2.1

Action                     |  1- 3 |  4- 6 || total
---------------------------+-------+-------++-------
  Melee: Hand axe          |    68 |    61 ||   129
         Headbutt          |    11 |     6 ||    17
 Invoke: Trog's Hand       |     1 |     2 ||     3
         Berserk           |       |     2 ||     2
 Armour: Animal skin       |     2 |       ||     2
         Scale mail        |    16 |    22 ||    38
  Dodge: Dodged            |    36 |    36 ||    72
